 Dungeon Crawl Stone Soup version 0.30-a0-723-gc1506a1cf0 (webtiles) character file.

Game seed: 3722935787331434585

18 ASSMAN the Caller (level 2, -2/19 HPs)
             Began as a Vampire Summoner on Jan 29, 2023.
             Slain by a goblin
             ... wielding a +0 dagger
             ... led by Robin
              (6 damage)
             ... on level 2 of the Dungeon.
             The game lasted 00:02:16 (849 turns).

ASSMAN the Caller (Vampire Summoner)                 Turns: 849, Time: 00:02:16

Health: -2/19      AC:  2    Str:  7    XL:     2   Next: 48%
Magic:  3/5        EV: 12    Int: 17    God:
Gold:   38         SH:  0    Dex: 14    Spells: 4/5 levels left

rFire   . . .      SeeInvis +    i - +0 dagger
rCold   . . .      Faith    .    (no shield)
rNeg    . . .      Spirit   .    a - +0 robe
rPois   .          Reflect  .    (no helmet)
rElec   .          Harm     .    (no cloak)
rCorr   .          Rampage  .    (no gloves)
Will    .....                    (no boots)
Stlth   ++                       (no amulet)
HPRegen 0.43/turn                (no ring)
MPRegen 0.09/turn                (no ring)

@: healing quickly
A: alive, fangs 3, see invisible, vampiric 1
a: Exsanguinate


You were on level 2 of the Dungeon.
You visited 1 branch of the dungeon, and saw 2 of its levels.

You collected 38 gold pieces.

Inventory:

Hand Weapons
 i - a +0 dagger (weapon)
Armour
 a - a +0 robe (worn)
Scrolls
 c - 2 scrolls of identify {unknown}
 d - a scroll of fog {unknown}
 e - a scroll of enchant weapon {unknown}
 g - a scroll of amnesia {unknown}
 h - a scroll of teleportation {unknown}
 j - a scroll of magic mapping {unknown}
Potions
 b - a potion of magic
 f - 2 potions of might {unknown}
 k - 2 potions of curing {unknown}
 l - a potion of flight {unknown}
 m - a potion of brilliance {unknown}
 n - a potion of haste {unknown}


   Skills:
 - Level 2.1 Dodging
 + Level 3.7 Stealth
 - Level 2.0 Spellcasting
 * Level 4.5 Summonings


You had 4 spell levels left.
You knew the following spells:

 Your Spells              Type           Power      Damage    Failure   Level
a - Summon Small Mammal   Summ           68%        N/A       3%          1

Your spell library contained the following spells:

 Spells                   Type           Power      Damage    Failure   Level
 Call Imp                 Summ           17%        N/A       4%          2
 Call Canine Familiar     Summ           17%        N/A       9%          3
 Beastly Appendage        Tmut           2%         N/A       19%         1
 Summon Guardian Golem    Hex/Summ       9%         N/A       22%         3
 Wereblood                Tmut           1%         N/A       28%         2
 Spider Form              Tmut/Pois      1%         N/A       50%         3
 Summon Lightning Spire   Summ/Air       9%         N/A       58%         4


Dungeon Overview and Level Annotations

Branches:
Dungeon (2/15)

Altars:

Annotations:
D:2 Robin


Innate Abilities, Weirdness & Mutations

Your natural rate of healing is accelerated.
You have razor-sharp teeth.
You have supernaturally acute eyesight. (SInv)
You are afflicted with vampirism.


Message History

Robin roars a battlecry!
The goblins go into a battle-frenzy!
The goblin hits your quokka but does no damage.
Your quokka closely misses the goblin.
You hear an angry hiss.
Your quokka barely misses the goblin.
The goblin hits you with a +0 dagger.
A goblin comes into view. It is wielding a +0 club.
Your quokka closely misses the goblin.
You closely miss the goblin. Your bite misses the goblin.
Your quokka completely misses the goblin.
The goblin misses your quokka. The goblin hits you but does no damage.
Your quokka closely misses the goblin.
The goblin attacks as you move away! The goblin barely misses you.
Your quokka misses the goblin. The goblin closely misses your quokka.
The goblin barely misses you.
Your quokka barely misses the goblin.
You hit the goblin.
The goblin is severely wounded.
Your quokka closely misses the goblin.
The goblin barely misses your quokka.
The hobgoblin barely misses your quokka.
The goblin closely misses your quokka. The goblin hits you with a +0 club.
Your quokka bites the goblin.
The goblin dies!
Your quokka bites the hobgoblin.
The hobgoblin hits your quokka.
The goblin hits your quokka with a +0 dagger.
Your quokka dies!
Your quokka's corpse disappears in a puff of smoke!
Robin throws the goblin at you!
Your quokka bites the hobgoblin.
The hobgoblin dies!
The goblin attacks as you move away! The goblin hits you with a +0 dagger.
The goblin attacks as you move away! The goblin hits you with a +0 dagger.
The goblin barely misses you. The goblin attacks as you move away!
The goblin misses you. The goblin attacks as you move away!
The goblin barely misses you. Robin throws the goblin at you!
The goblin barely misses you. The goblin attacks as you move away!
The goblin hits you with a +0 dagger.
* * * LOW HITPOINT WARNING * * *
The goblin attacks as you move away! The goblin hits you but does no damage.
Robin flexes a bicep menacingly.
The goblin hits you with a +0 dagger.
You die...

#...#...#...#
#.>.#.⌠.#.<†#
#...#...#...#
#####.#.#...#.#.#####
#...................#
#.>.#.....8.....#.<.#
#...................#
#####.#.#...#.#.#####
#...#.g@#...#
#.>.#.gg#.<.#
#...#...#...#
#####...##### #.rg###
#.....# #.##..#####.
#.r).$.....#
###†..####.#


You could see Robin, 3 goblins and a friendly quokka (summoned).

Vanquished Creatures
  2 endoplasms (D:1)
  3 goblins (D:1)
  A hobgoblin (D:1)
  A quokka (D:2)
  A bat (D:1)
8 creatures vanquished.

Vanquished Creatures (collateral kills)
  A ball python (D:1)
  2 goblins
  2 hobgoblins
  2 kobolds (D:1)
7 creatures vanquished.

Grand Total: 15 creatures vanquished

Notes
Turn   | Place    | Note
-------+----------+-------------------------------------------
     0 | D:1      | ASSMAN the Vampire Summoner began the quest for the Orb.
     0 | D:1      | Reached XP level 1. HP: 13/13 MP: 3/3
   523 | D:1      | Reached XP level 2. HP: 12/19 MP: 3/5
   585 | D:1      | Found a faded altar of an unknown god.
   837 | D:2      | Noticed Robin
   849 | D:2      | Slain by a goblin

Illustrated notes

Levels and vault maps discovered:
D:1:      amcnicky_arrival_gap_in_the_tavern_cellar, layout_basic,
          dreamdust_ecumenical_altar_angels_and_demons
D:2:      layout_loops_ring, serial_shops, shop, nicolae_diamond_shop,
          nicolae_diamond_shop, nicolae_lakefront_shop, shop,
          nicolae_elevator_lobby_plus, uniq_sigmund, uniq_robin, uniq_jessica

Action                     || total
---------------------------++-------
  Melee: Unarmed           ||    13
         Dagger            ||    42
         Bite              ||     4
   Cast: Summon Small Mamm ||    10
   Stab: Sleeping          ||     1
 Armour: Robe              ||    10
  Dodge: Dodged            ||    37

Table legend: (Time is in decaauts)
 A = Elapsed time spent in this place.
 B = Non-inter-level travel time spent in this place.
 C = Inter-level travel time spent in this place.
 D = Time resting spent in this place.
 E = Time spent auto-exploring this place.
 F = Levels seen in this place.
 G = Mean time per level.
                   A        B        C        D        E       F      G
               +--------+--------+--------+--------+--------+-----+--------+
         Total |    849 |    830 |     19 |     33 |    637 |   2 |  424.5 |
       Dungeon |    849 |    830 |     19 |     33 |    637 |   2 |  424.5 |
               +--------+--------+--------+--------+--------+-----+--------+

Top non-repeatable levels by time:
     D:1: 798 daAuts
     D:2: 51 daAuts
